AoeStats
← Steklowata

Lombardia

509922959Analyzed
4v4 RM · 3d ago on Sep 28, 2026· 39m 59s· 8 players
Game mode
Random Map
Map size
Large (8 player)
Population
200
Speed
Normal
Resources
Standard
Victory
Conquest
Starting age
Dark Age
Ending age
Imperial Age
RankedLock teamsTeams togetherTeam positionsShared explorationLock speedFull tech treeHidden civsTurbo modeCheats
Victory
Defeat
🇩🇪 Gurjaras · Germany
1177
+9
🇵🇱 Khmer · Poland
995
+16
🇷🇺 Byzantines · Russia
992
+17
🇬🇧 Vikings · United Kingdom
949
+19
🇭🇰 Byzantines · Hong Kong SAR China
1033
-16
🇳🇱 Magyars · Netherlands
1021
-16
🇭🇰 Persians · Hong Kong SAR China
1008
-15
🇳🇱 Poles · Netherlands
977
-14
wereld9
0:29 Loom
10:40 Feudal Age
23:51 Castle Age
23:53 Double-Bit Axe
25:17 Bow Saw
25:43 Pikeman
26:49 Horse Collar
29:03 Wheelbarrow
29:22 Light Cavalry
31:47 Hand Cart
35:03 Husbandry
basvanhaalen
2:51 Loom
10:48 Feudal Age
11:54 Horse Collar
14:17 Man-at-Arms
16:42 Wheelbarrow
17:46 Double-Bit Axe
23:42 Castle Age
24:13 Forging
24:58 Stone Mining
27:36 Heavy Plow
31:37 Pikeman
33:02 Long Swordsman
33:49 Squires
35:42 Hand Cart
36:20 Hand Cart
idle villager
11:10 Feudal Age
20:51 Castle Age
18:39 Double-Bit Axe
18:36 Horse Collar
19:31 Stone Mining
21:05 Gold Mining
22:29 Bow Saw
22:21 Heavy Plow
23:19 Wheelbarrow
27:11 Masonry
27:45 Gold Shaft Mining
28:13 Stone Shaft Mining
33:05 Imperial Age
30:23 Loom
31:02 Scale Barding Armor
31:08 Forging
32:23 Chain Barding Armor
33:09 Iron Casting
32:48 Husbandry
32:58 Bloodlines
32:46 Cavalier
33:58 Conscription
34:49 Plate Barding Armor
36:22 Blast Furnace
35:13 Fletching
35:18 Pikeman
35:58 Squires
37:28 Architecture
36:48 Savar
香江七百萬大才子
5:08 Loom
11:30 Feudal Age
19:22 Castle Age
17:17 Double-Bit Axe
17:59 Horse Collar
18:28 Stone Mining
27:27 Gold Mining
39:46 Imperial Age
37:13 Arson
37:28 Squires
darlingramus
6:52 Loom
9:05 Feudal Age
15:49 Castle Age
14:56 Double-Bit Axe
19:40 Horse Collar
22:49 Gold Mining
24:31 Stone Mining
26:47 Bow Saw
26:32 Stone Mining
26:44 Heavy Plow
28:13 Wheelbarrow
30:05 Hand Cart
30:25 Scale Barding Armor
30:30 Forging
30:31 Husbandry
30:42 Bloodlines
32:15 Chain Barding Armor
32:30 Iron Casting
32:02 Tusk Swords
trdc
4:07 Loom
9:53 Feudal Age
11:11 Double-Bit Axe
23:07 Castle Age
21:57 Forging
21:47 Scale Mail Armor
23:36 Horse Collar
24:34 Chain Mail Armor
24:54 Iron Casting
24:37 Squires
24:22 Arson
24:41 Man-at-Arms
24:54 Man-at-Arms
25:58 Long Swordsman
Nighttake
11:54 Feudal Age
10:11 Loom
13:03 Double-Bit Axe
15:34 Castle Age
14:12 Horse Collar
14:19 Horse Collar
19:10 Husbandry
21:25 Wheelbarrow
21:18 Scale Barding Armor
23:11 Chain Barding Armor
23:01 Town Watch
24:34 Bloodlines
25:32 Forging
24:49 Light Cavalry
25:56 Hand Cart
31:33 Gold Mining
35:03 Imperial Age
32:52 Kshatriyas
34:20 Iron Casting
35:11 Heavy Camel Rider
36:55 Conscription
36:38 Hussar
39:17 Frontier Guards
Steklowata
7:28 Loom
10:03 Feudal Age
10:44 Man-at-Arms
11:38 Double-Bit Axe
12:53 Arson
13:48 Forging
15:52 Horse Collar
21:23 Castle Age
19:38 Scale Mail Armor
19:29 Fletching
23:52 Wheelbarrow
23:38 Chain Mail Armor
24:30 Bow Saw
24:51 Elite Skirmisher
26:10 Squires
25:57 Gambesons
26:12 Bodkin Arrow
27:21 Iron Casting
26:34 Pikeman
27:44 Padded Archer Armor
28:10 Thumb Ring
28:56 Heavy Plow
39:23 Hand Cart
42:05 Imperial Age
Connection lost

Rejoining the realm…

Still unreachable

The connection could not be restored.

Session expired

The server has moved on; the page needs a fresh start.